 Dungeon Crawl Stone Soup version 0.31-a0-983-g7b6862f502 (webtiles) character file.

Game seed: 7552221978932466868

601 dialectric the Sneak (level 7, 0/46 HPs)
             Began as an Octopode Gladiator on Nov 2, 2023.
             Was a Believer of Kikubaaqudgha.
             Slain by an orc wizard
             ... wielding a +0 dagger
              (2 damage)
             ... on level 5 of the Dungeon.
             The game lasted 00:04:58 (3277 turns).

dialectric the Sneak (Octopode Gladiator)           Turns: 3277, Time: 00:04:58

Health: 0/46       AC:  1    Str: 15    XL:     7   Next: 41%
Magic:  10/10      EV: 14    Int: 10    God:    Kikubaaqudgha [**....]
Gold:   244        SH:  0    Dex: 14    Spells: 8/10 levels left

rFire   . . .        g - +2 dagger (drain)
rCold   + . .        (no shield)
rNeg    . . .        b - +0 hat
rPois   .            (no amulet)
rElec   .            k - ring of wizardry
rCorr   .            A - ring of protection from cold
SInv    .            (no ring)
Will    .....        (no ring)
Stlth   ++++         (no ring)
HPRegen 0.27/turn    (no ring)
MPRegen 0.12/turn    (no ring)
                     (no ring)

%: wizardry (x1)
@: no status effects
A: almost no armour, amphibious, 8 rings, camouflage 1, gelatinous body 1,
(nimble swimmer 1), tentacles
a: Renounce Religion, Unearth Wretches


You were on level 5 of the Dungeon.
You worshipped Kikubaaqudgha.
Kikubaaqudgha was pleased with you.
You visited 1 branch of the dungeon, and saw 5 of its levels.

You collected 244 gold pieces.

Inventory:

Hand Weapons
 a - a +0 trident of protection
 g - a +2 dagger of draining (weapon)
 o - a +0 dagger
 r - a +1 short sword of freezing
Missiles
 c - 2 throwing nets
 d - a javelin
 q - 4 poisoned darts (quivered)
Armour
 b - a +0 hat (worn)
Jewellery
 k - a ring of wizardry (left tentacle)
 A - a ring of protection from cold (right tentacle)
Wands
 x - a wand of iceblast (6)
Scrolls
 e - a scroll of identify
 h - 2 scrolls of blinking {unknown}
 i - 2 scrolls of teleportation {unknown}
 j - 3 scrolls of revelation {unknown}
 m - 3 scrolls of vulnerability {unknown}
 v - a scroll of torment {unknown}
 w - 2 scrolls of fog {unknown}
 y - a scroll of noise {unknown}
 B - a scroll of poison {unknown}
Potions
 f - 2 potions of heal wounds
 l - 3 potions of mutation {unknown}
 n - 2 potions of might {unknown}
 s - a potion of curing {unknown}
 t - a potion of haste
 u - 2 potions of magic
 z - 2 potions of resistance


   Skills:
 + Level 3.1 Fighting
 + Level 3.2 Short Blades
 + Level 4.0 Polearms
 - Level 2.1 Throwing
 + Level 4.0 Dodging
 - Level 6.0 Stealth
 * Level 2.0 Spellcasting


You had 8 spell levels left.
You knew the following spells:

 Your Spells              Type           Power      Damage    Failure   Level
a - Blink                 Tloc           2%         N/A       19%         2

Your spell library contained the following spells:

 Spells                   Type           Power      Damage    Failure   Level
 Apportation              Tloc           2%         N/A       12%         1
 Kiss of Death            Conj/Necr      4%         2d5       12%         1
 Necrotise                Necr           4%         1d4       12%         1
 Summon Small Mammal      Summ           4%         N/A       12%         1
 Lesser Beckoning         Tloc           2%         N/A       19%         2
 Momentum Strike          Conj/Tloc      2%         3d8       19%         2
 Sublimation of Blood     Necr           1%         N/A       19%         2
 Tukima's Dance           Hex            1%         N/A       34%         3
 Vampiric Draining        Necr           1%         2d6       34%         3
 Passage of Golubria      Tloc           1%         N/A       73%         4
 Yara's Violent Unravell  Hex/Tmut       0%         3d3       96%         5


Dungeon Overview and Level Annotations

Branches:
Dungeon (5/15)
 Temple: D:4-7

Altars:
Fedhas
Kikubaaqudgha
Uskayaw

Shops:
D:2 [[((


Innate Abilities, Weirdness & Mutations

You cannot wear most types of armour.
You are amphibious.
You can wear up to eight rings at the same time.
Your skin changes colour to match your surroundings (Stealth+).
Your rubbery body absorbs attacks. (AC +1, EV +1)
((You are camouflaged when in or above water. (Stealth+)))
You have tentacles for arms and can constrict up to eight enemies at once.


Message History

You closely miss the orc.
The adder hisses angrily.
You grab the orc. You squeeze the orc!
You kill the orc!
Kikubaaqudgha accepts your kill. The orc misses you.
You hit the orc. You drain the orc.
You kill the orc!
Kikubaaqudgha accepts your kill. The orc hits you with a +0 club.
Something hits you.
Unknown command.
Something hits you.
You barely miss something. Something hits you but does no damage.
You barely miss something. Something hits you.
You miss something. Your squeeze misses something. Something barely misses you.
A gnoll comes into view. It is wielding a +0 club.
You completely miss something. You hit something but do no damage.
Something hits you.
You barely miss something. Something barely misses you.
You barely miss something. Something hits you.
You hit something but do no damage. Something hits you.
You miss something. Your squeeze misses something. Something hits you.
You completely miss something. Your squeeze misses something.
You hear some strange, mumbled words.
Something tries to affect you, but you resist.
You miss something. You barely miss something. Something hits you.
You completely miss something. Your squeeze misses something.
Something hits you.
You miss something. Something hits you. The gnoll hits you with a +0 club.
* * * LOW HITPOINT WARNING * * *
You hit something but do no damage. Your squeeze misses something.
You hear some strange, mumbled words.
A magic dart appears from out of thin air!
The magic dart hits you!
* * * LOW HITPOINT WARNING * * *
The gnoll barely misses you.
You completely miss something. Something hits you.
You die...
Kikubaaqudgha rasps: "You have failed me!
Welcome... death!"

### ### ... ..# ##
#.##..### #.
........#
########g##<#...#
#........@{o....#
#........##S)...#.#
#........##........
#........##.#......
#.......# #.###.#..
#..[....###(....# #
#....<......###)#
############.$..#
.####


You could see a gnoll, an adder and an orc.

Vanquished Creatures
  Menkaure (D:4)
  A black bear (D:4)
  A scorpion (D:4)
  An orc priest (D:3)
  Jessica (D:3)
  Ijyb (D:3)
  Natasha (thrice) (D:3)
  An orc wizard (D:3)
  A gnoll (D:1)
  5 adders
  3 worms
  2 dart slugs
  9 orcs
  11 endoplasms
  A giant cockroach (D:1)
  9 goblins
  5 hobgoblins
  3 jackals (D:1)
  A quokka (D:4)
  6 ball pythons
  2 bats
  3 frilled lizards
  4 kobolds
  5 rats
80 creatures vanquished.

Notes
Turn   | Place    | Note
-------+----------+-------------------------------------------
     0 | D:1      | dialectric the Octopode Gladiator began the quest for the
                  | Orb.
     0 | D:1      | Reached XP level 1. HP: 14/14 MP: 1/1
    88 | D:1      | Reached skill level 1 in Stealth
    88 | D:1      | Reached XP level 2. HP: 5/19 MP: 2/2
   282 | D:1      | Reached XP level 3. HP: 20/24 MP: 3/3
   730 | D:2      | Found Sohogul's Weapon Shop.
   773 | D:2      | Found Saidoetatt's Antique Weapon Boutique.
   825 | D:2      | Reached skill level 2 in Stealth
   929 | D:2      | Reached XP level 4. HP: 29/29 MP: 4/4
  1079 | D:2      | Found Ozamol's Antique Armour Shop.
  1167 | D:2      | Found Hueleqit's Armour Shoppe.
  1209 | D:2      | Found a faded altar of an unknown god.
  1301 | D:2      | Prayed at the altar of an unknown god.
  1301 | D:2      | Became a worshipper of Kikubaaqudgha
  1301 | D:2      | Reached * piety under Kikubaaqudgha
  1301 | D:2      | Received a gift from Kikubaaqudgha
  1538 | D:3      | Noticed Jessica
  1561 | D:3      | Reached skill level 3 in Stealth
  1577 | D:3      | Noticed Natasha
  1582 | D:3      | Killed Natasha
  1583 | D:3      | Reached skill level 1 in Short Blades
  1583 | D:3      | Reached XP level 5. HP: 28/34 MP: 5/5
  1620 | D:3      | Reached skill level 4 in Stealth
  1637 | D:3      | Learned a level 2 spell: Blink
  1641 | D:3      | Noticed Ijyb
  1652 | D:3      | Killed Ijyb
  1823 | D:3      | Killed Jessica
  1831 | D:3      | Noticed Natasha
  1839 | D:3      | Killed Natasha
  1840 | D:3      | Reached skill level 5 in Stealth
  1945 | D:3      | Reached XP level 6. HP: 39/39 MP: 6/6
  2032 | D:3      | Found a hide-covered altar of Uskayaw.
  2032 | D:3      | Found an ancient bone altar of Kikubaaqudgha.
  2033 | D:3      | Found a blossoming altar of Fedhas.
  2094 | D:3      | Noticed Natasha
  2117 | D:3      | HP: 1/39 [Natasha (5)]
  2120 | D:3      | Killed Natasha
  2316 | D:3      | Reached skill level 6 in Stealth
  2598 | D:4      | Noticed a black bear
  2606 | D:4      | Killed a black bear
  2607 | D:4      | Reached skill level 1 in Spellcasting
  2618 | D:4      | Noticed Menkaure
  2625 | D:4      | Killed Menkaure
  2626 | D:4      | Reached XP level 7. HP: 18/45 MP: 7/9
  2632 | D:4      | Reached ** piety under Kikubaaqudgha
  3244 | D:5      | Entered Level 5 of the Dungeon
  3276 | D:5      | HP: 2/46 [something/magic dart (9)]
  3277 | D:5      | Slain by an orc wizard

Illustrated notes

Levels and vault maps discovered:
D:1:      mrwooster_arrival_statue_2, layout_rooms, minmay_pentomino_t2
D:2:      layout_basic, serial_shops, shop, nicolae_lakefront_shop,
          nicolae_shop_tiny_real_fake_doors, shop, basic_ecumenical_altar,
          minmay_misc_feat_chi, dreamdust_wishing_well,
          small_statue_intersection, minmay_surrounded
D:3:      wander_river, layout_basic, gammafunk_temple_overflow_forgotten,
          serial_aquarium, aquarium_bridge_square [aquarium_subvault_balcony,
          aquarium_subvault_bridge, aquarium_subvault_wall,
          aquarium_subvault_wall], aquarium_window_corner,
          aquarium_window_corner, aquarium_view_2e, aquarium_view_2g,
          uniq_jessica, uniq_natasha, uniq_ijyb
D:4:      layout_basic, grunt_decor_cap, amethyst_killhole, uniq_menkaure
D:5:      layout_loops_cross, chequers_temple_overflow_minitemple

Skill      XL: |  1  2  3  4  5  6  7 |
---------------+----------------------+-----
Stealth        | 1 2 3 5 6 |  6.0
Short Blades   | 1 2 3 |  3.2
Polearms       | 4 |  4.0
Spellcasting   | 1 2 |  2.0
Fighting       | 3 |  3.1
Dodging        | 4 |  4.0
Throwing       | |  2.1

Action                     |  1- 3 |  4- 6 |  7- 9 || total
---------------------------+-------+-------+-------++-------
  Melee: Dagger            |    55 |    71 |    36 ||   162
         Trident           |     3 |       |       ||     3
         Tentacles         |     9 |    16 |     5 ||    30
         Constrict         |    11 |    17 |     5 ||    33
         Punch             |       |     1 |       ||     1
  Throw: Throwing net      |     1 |       |       ||     1
    Use: Scroll            |       |     1 |     4 ||     5
         Potion            |       |     1 |       ||     1
   Stab: Sleeping          |     9 |    10 |     5 ||    24
 Armour: Skin              |    13 |    27 |    21 ||    61
  Dodge: Dodged            |    32 |    30 |    12 ||    74

Table legend: (Time is in decaauts)
 A = Elapsed time spent in this place.
 B = Non-inter-level travel time spent in this place.
 C = Inter-level travel time spent in this place.
 D = Time resting spent in this place.
 E = Time spent auto-exploring this place.
 F = Levels seen in this place.
 G = Mean time per level.
                   A        B        C        D        E       F      G
               +--------+--------+--------+--------+--------+-----+--------+
         Total |   3271 |   3171 |    100 |    124 |   2237 |   5 |  654.2 |
       Dungeon |   3271 |   3171 |    100 |    124 |   2237 |   5 |  654.2 |
               +--------+--------+--------+--------+--------+-----+--------+

Top non-repeatable levels by time:
     D:3: 1168 daAuts
     D:1: 728 daAuts
     D:2: 682 daAuts
     D:4: 662 daAuts
     D:5: 30 daAuts
